Map: Odyssey LE

Players

Harstem - Winner!

  • Race: Protoss Protoss
  • Spawn Location: 5:00

Scarlett

  • Race: Zerg Zerg
  • Spawn Location: 11:00

Event: WCS Montreal 2017

VOD

Have the link to the VOD?

Description

Time

  • Played on: Sept. 9, 2017, 11:47 a.m.
  • Length: 7:37

All games in this series

Show
View Real Time Build Order
Export as new Build Order

Harstem Protoss - Winner!

Build Orders: 1 Gate Expand, Oracle Opening, Phoenix Opening 

Get SALT Encoding   

  12  0:01  Probe (Chrono Boost)  
  13  0:11  Probe (Chrono Boost)  
  14  0:18  Pylon  
  14  0:23  Probe (Chrono Boost)  
  15  0:36  Probe (Chrono Boost)  
  15  0:40  Gateway  
  16  0:47  Probe (Chrono Boost)  
  16  0:48  Assimilator  
  17  0:57  Probe (Chrono Boost)  
  18  1:08  Probe (Chrono Boost)  
  20  1:18  Probe (Chrono Boost)  
  20  1:26  Nexus  
  20  1:34  Cybernetics Core  
  20  1:46  Probe (Chrono Boost)  
  21  1:48  Assimilator  
  21  1:49  Pylon  
  21  1:57  Probe (Chrono Boost)  
  22  2:07  Probe (Chrono Boost)  
  23  2:13  Adept (Chrono Boost)  
  25  2:18  Probe  
  26  2:24  Stargate  
  26  2:30  Probe  
  26  2:34  Warp Gate  
  26  2:36  Probe  
  27  2:39  Adept (Chrono Boost)  
  30  2:48  Probe x2  
  32  2:58  Probe  
  32  3:00  Probe, Gateway  
  32  3:03  Adept (Chrono Boost)  
  36  3:08  Oracle (Chrono Boost)  
  36  3:09  Probe  
  40  3:16  Pylon  
  40  3:18  Probe  
  41  3:22  Probe  
  42  3:30  Probe  
  41  3:34  Probe  
  41  3:40  Adept (Chrono Boost)  
  44  3:46  Phoenix  
  47  3:50  Pylon  
  47  3:53  Mothership Core (Chrono Boost)  
  47  4:01  Probe (Chrono Boost)  
  48  4:09  Assimilator  
  48  4:11  Probe (Chrono Boost)  
  48  4:12  Probe (Chrono Boost)  
  50  4:20  Twilight Council  
  50  4:22  Probe x2 (Chrono Boost), Gateway  
  52  4:33  Probe x2 (Chrono Boost)  
  52  4:34  Pylon  
  54  4:40  Gateway  
  54  4:41  Adept  
  54  4:43  Probe x2 (Chrono Boost)  
  58  4:54  Probe (Chrono Boost), Pylon  
  58  4:58  Robotics Facility  
  59  5:01  Resonating Glaives (Chrono Boost)  
  59  5:08  Adept  
  59  5:09  Probe  
  59  5:11  Pylon  
  62  5:16  Gateway  
  62  5:29  Adept x2  
  60  5:35  Nexus  
  60  5:45  Warp Prism (Chrono Boost)  
  60  5:46  Gateway  
  60  5:49  Gateway  
  61  5:51  Gateway, Adept  
  63  5:59  Adept x2  
  67  6:16  Probe, Nexus  
  68  6:20  Pylon  
  68  6:21  Pylon  
  68  6:22  Adept x3  
  74  6:35  Probe  
  74  6:37  Probe  
  76  6:47  Probe  
  76  6:49  Pylon  
  76  6:52  Adept x2  
  76  6:53  Adept x5  
  91  7:03  Probe  
  92  7:14  Adept x5  
  102  7:21  Adept x2  
Show
View Real Time Build Order
Export as new Build Order

Scarlett Zerg 

Build Orders: Hatch First 

Get SALT Encoding   

  12  0:00  Drone  
  13  0:12  Overlord  
  13  0:17  Drone  
  14  0:31  Drone x2  
  14  0:35  Drone  
  17  0:53  Hatchery  
  17  0:55  Drone  
  17  0:58  Drone  
  17  1:02  Extractor  
  17  1:13  Spawning Pool  
  17  1:17  Drone  
  17  1:20  Drone  
  18  1:28  Drone  
  19  1:38  Overlord  
  19  2:00  Queen  
  21  2:04  Metabolic Boost  
  21  2:05  Queen  
  21  2:07  Drone  
  24  2:09  Zergling x2  
  24  2:12  Zergling x2  
  27  2:15  Zergling x2  
  28  2:22  Zergling x2  
  28  2:23  Zergling x2  
  28  2:29  Evolution Chamber  
  28  2:34  Zergling x4  
  30  2:41  Zergling x2  
  31  2:57  Hatchery  
  30  3:01  Zergling x8  
  34  3:10  Zergling x4  
  36  3:13  Overlord  
  33  3:35  Zergling x12  
  37  3:45  Zergling x12  
  39  3:58  Overlord, Drone x2  
  41  4:03  Overlord  
  41  4:06  Queen  
  43  4:10  Drone  
  43  4:11  Drone  
  43  4:13  Drone  
  46  4:19  Drone x2  
  46  4:23  Drone x2  
  50  4:28  Spore Crawler  
  49  4:32  Drone x2  
  49  4:37  Drone x2  
  53  4:40  Drone x2  
  55  4:47  Zerg Melee Weapons Level 1  
  53  4:53  Drone x4  
  57  5:02  Overlord  
  57  5:10  Overlord  
  57  5:11  Overlord  
  57  5:19  Queen  
  59  5:28  Drone x9  
  59  5:30  Spore Crawler  
  59  5:35  Drone x5  
  61  5:39  Extractor  
  61  5:40  Baneling Nest  
  61  5:41  Drone x2  
  64  5:54  Extractor  
  64  5:57  Spore Crawler  
  62  6:00  Drone, Hatchery  
  62  6:01  Drone x3  
  62  6:03  Zergling x12  
  71  6:08  Drone x2  
  73  6:13  Lair  
  73  6:14  Zergling x6  
  76  6:24  Zergling x2  
  77  6:29  Zergling x10  
  81  6:36  Overlord  
  81  6:37  Overlord x5  
  81  6:45  Baneling x7  
  81  6:55  Zergling x12  
  85  7:01  Zergling x14  
  85  7:04  Baneling  
  85  7:05  Baneling x7  
  85  7:06  Zergling x2  
  91  7:11  Zergling x2  
  91  7:12  Zergling x6  
Tags
 
Add a new tag
Caveats
  • Supply blocks, unpowered buildings, or Contaminate may cause inaccurate times.
  • Supply counts are checked every 10 seconds.